 Dungeon Crawl Stone Soup version 0.21.1-1-g345015f (webtiles) character file.

4 shakethe the Ducker (level 1, -1/16 HPs)
             Began as a Demonspawn Gladiator on Feb 27, 2018.
             Slain by a goblin (3 damage)
             ... on level 1 of the Dungeon.
             The game lasted 00:00:15 (92 turns).

shakethe the Ducker (Demonspawn Gladiator)            Turns: 92, Time: 00:00:16

Health: -1/16      AC:  4    Str: 14    XL:     1   Next: 58%
Magic:  1/1        EV: 12    Int:  9    God:
Gold:   0          SH:  0    Dex: 14    Spells: 0/0 levels left

rFire    . . .     SeeInvis .   a - +0 war axe
rCold    . . .     Gourm    .   (no shield)
rNeg     . . .     Faith    .   b - +0 leather armour
rPois    .         Spirit   .   c - +0 helmet
rElec    .         Reflect  .   (no cloak)
rCorr    .         Harm     .   (no gloves)
MR       .....                  (no boots)
Stlth    +.........             (no amulet)
HPRegen  0.05/turn              (no ring)
MPRegen  0.07/turn              (no ring)

@: no status effects
A: no striking features
a: no special abilities


You were on level 1 of the Dungeon.
You were not hungry.

You visited 1 branch of the dungeon, and saw 1 of its levels.

Inventory:

Hand Weapons
 a - a +0 war axe (weapon)
Missiles
 d - 3 throwing nets {=f, !d}
Armour
 b - a +0 leather armour (worn)
 c - a +0 helmet (worn)
Potions
 e - 2 potions of flight {unknown}
Comestibles
 f - a ration


   Skills:
 + Level 2.1 Fighting
 + Level 2.8 Axes
 - Level 1.7 Throwing
 + Level 2.8 Dodging


You couldn't memorise any spells.
You didn't know any spells.

Dungeon Overview and Level Annotations

Branches:
Dungeon (1/15)

Altars:


Message History

You barely miss the bat. The bat hits you but does no damage.
A goblin comes into view.
The goblin shouts!
The bat hits you but does no damage. The bat hits you but does no damage. x2
The bat closely misses you.
You hit the bat but do no damage. The bat barely misses you.
The goblin hits you.
You take 1 damage, and have 14/16 hp.
You hit the goblin but do no damage. The bat barely misses you.
The goblin barely misses you.
You closely miss the goblin. You miss the bat. The bat closely misses you.
The goblin hits you but does no damage.
You barely miss the goblin. You hit the bat.
You kill the bat!
The goblin barely misses you. x2
You hit the goblin.
You kill the goblin!
No target in view!
No target in view!
No target in view!
No target in view!
No target in view!
No target in view!
Things that are here:
a club; a goblin corpse No target in view!
No target in view!
No target in view!
No target in view!
No target in view!
No target in view!
A kobold comes into view. It is wielding a whip.
The kobold shouts!
The kobold throws a stone.
The stone completely misses you.
A gnoll comes into view. It is wielding a spear.
A ball python comes into view.
A goblin comes into view.
The ball python hisses angrily.
The kobold closely misses you.
You barely miss the kobold. The kobold hits you with a whip. x2
You take 4 damage, and have 11/16 hp.
MASSIVE DAMAGE!!
You closely miss the ball python. The ball python barely misses you. x2
The ball python misses you. The ball python closely misses you.
You hit the ball python but do no damage.
The ball python barely misses you. The ball python grabs you.
The ball python constricts you. The ball python closely misses you.
The ball python constricts you.
You take 1 damage, and have 10/16 hp.
You closely miss the ball python. The ball python closely misses you.
The ball python constricts you.
You closely miss the ball python. The ball python barely misses you.
The ball python constricts you. The ball python bites you.
The ball python constricts you.
You take 3 damage, and have 7/16 hp.
You hit the ball python but do no damage.
The ball python closely misses you. The ball python constricts you.
The ball python closely misses you. The ball python constricts you.
You take 1 damage, and have 6/16 hp.
You closely miss the ball python.
The ball python bites you but does no damage.
The ball python constricts you.
You barely miss the ball python.
The ball python bites you but does no damage.
The ball python constricts you.
The ball python bites you but does no damage.
The ball python constricts you.
You hit the ball python.
The ball python bites you but does no damage.
The ball python constricts you. The ball python completely misses you.
The ball python constricts you.
You slash the ball python!
You kill the ball python!
You closely miss the kobold. The kobold barely misses you.
You miss the kobold. The kobold closely misses you. x2
You barely miss the kobold. The kobold hits you but does no damage.
You hit the kobold but do no damage. The kobold barely misses you.
You barely miss the kobold. The kobold hits you with a whip.
The kobold closely misses you.
You take 2 damage, and have 5/16 hp.
You hit the kobold but do no damage. The kobold hits you but does no damage.
You completely miss the kobold. The kobold barely misses you.
You barely miss the kobold.
The kobold hits you but does no damage. x2
You barely miss the kobold. The kobold hits you but does no damage.
You slash the kobold!
You kill the kobold!
You barely miss the goblin. The goblin hits you.
* * * LOW HITPOINT WARNING * * *
You take 2 damage, and have 3/16 hp.
You closely miss the goblin. The goblin hits you but does no damage.
The goblin hits you.
* * * LOW HITPOINT WARNING * * *
You take 1 damage, and have 2/16 hp.
You closely miss the goblin. The goblin barely misses you.
You closely miss the goblin. The goblin barely misses you.
You hit the goblin. The goblin closely misses you. The goblin misses you.
You closely miss the goblin. The goblin hits you.
You die...

.###.#### #.# .## # +#
##.## #.##..#..
#..###### #....#..#
##.....##.##.#...#
#####.##........#.# .
#...#.# #..?....#
#.####...#.#####.#.#.###
...........)..##g#.#
................@..#
...............(.....#
#.####...#######...### .
#.††# ##.## #...# .#
#...# .# #...# .# .....
.. #...##


You could see a goblin.

Vanquished Creatures
  2 goblins (D:1)
  A kobold (D:1)
  A ball python (D:1)
  A bat (D:1)
5 creatures vanquished.

Notes
Turn   | Place    | Note
-------+----------+-------------------------------------------
     0 | D:1      | shakethe the Demonspawn Gladiator began the quest for the Orb.
     0 | D:1      | Reached XP level 1. HP: 16/16 MP: 1/1
    87 | D:1      | HP: 3/16 [goblin (2)]
    92 | D:1      | Slain by a goblin

Action                   || total
-------------------------++-------
Melee: War axe           ||    36
Armor: Leather armour    ||    19
Dodge: Dodged            ||    39

Vault maps used:
D:1:      dpeg_arrival_round_a, kennysheep_minor_cross

Table legend:
 A = Turns spent in this place as a percentage of turns spent in the entire game.
 B = Non-inter-level travel turns spent in this place as a percentage of non-inter-level travel turns spent in the entire game.
 C = Inter-level travel turns spent in this place as a percentage of turns spent in this place.
 D = Turns resting spent in this place as a percentage of non-inter-level travel turns spent in this place.
 E = Turns spent auto-exploring this place as a percentage of non-inter-level travel turns spent in this place.
 F = Non-inter-level travel turns spent in this place divided by the number of levels of this place that you've seen.
                   A       B       C       D       E      F
               +-------+-------+-------+-------+-------+----------------------
         Total | 100.0 | 100.0 |   0.0 |   0.0 |  43.5 |  92.0
       Dungeon | 100.0 | 100.0 |   0.0 |   0.0 |  43.5 |  92.0
               +-------+-------+-------+-------+-------+----------------------

Table legend:
 A = Kills in this place as a percentage of kills in entire the game.
 B = Kills by you in this place as a percentage of kills by you in the entire game.
 C = Kills by friends in this place as a percentage of kills by friends in the entire game.
 D = Other kills in this place as a percentage of other kills in the entire game.
 E = Experience gained in this place as a percentage of experience gained in the entire game.
 F = Experience gained in this place divided by the number of levels of this place that you have seen.
                   A       B       C       D       E      F
               +-------+-------+-------+-------+-------+----------------------
         Total | 100.0 | 100.0 |   N/A |   N/A | 100.0 |   7.0
       Dungeon | 100.0 | 100.0 |   N/A |   N/A | 100.0 |   7.0
               +-------+-------+-------+-------+-------+----------------------
